 Dungeon Crawl Stone Soup version 0.29-a0-121-g8efb068a30 (webtiles) character file.

Game seed: 3471879866343128669

0 cyrus the Skirmisher (level 1, 0/18 HPs)
             Began as a Demonspawn Abyssal Knight on Feb 21, 2022.
             Was an Initiate of Lugonu.
             Slain by an endoplasm (3 damage)
             ... on level 1 of the Dungeon.
             The game lasted 00:00:31 (163 turns).

cyrus the Skirmisher (Demonspawn Abyssal Knight)     Turns: 163, Time: 00:00:31

Health: 0/18       AC:  3    Str: 13    XL:     1   Next: 8%
Magic:  2/2        EV: 11    Int: 11    God:    Lugonu [......]
Gold:   0          SH:  0    Dex: 13    Spells: 0/0 levels left

rFire   . . .      SeeInvis .   a - +1 falchion
rCold   . . .      Faith    .   (no shield)
rNeg    . . .      Spirit   .   b - +0 leather armour
rPois   .          Reflect  .   (no helmet)
rElec   .          Harm     .   (no cloak)
rCorr   .          Rampage  .   (no gloves)
Will    .....                   (no boots)
Stlth   +.........              (no amulet)
HPRegen 0.06/turn               (no ring)
MPRegen 0.08/turn               (no ring)

@: no status effects
A: no striking features
a: Renounce Religion


You were on level 1 of the Dungeon.
You worshipped Lugonu.
Lugonu was noncommittal.
You visited 1 branch of the dungeon, and saw 1 of its levels.
You visited the Abyss 1 time.

Inventory:

Hand Weapons
 a - a +1 falchion (weapon)
Armour
 b - a +0 leather armour (worn)
Scrolls
 c - a scroll of magic mapping {unknown}
 d - a scroll of blinking {unknown}
Potions
 e - a potion of haste {unknown}


   Skills:
 + Level 3.0 Fighting
 + Level 1.7 Long Blades
 + Level 1.7 Armour
 + Level 0.8 Dodging
 + Level 2.4 Invocations


You couldn't memorise any spells.
You didn't know any spells.
Your spell library was empty.

Dungeon Overview and Level Annotations

Branches:
Dungeon (1/15)

Altars:


Message History

The ball python hisses angrily.
You hit the ball python.
You kill the ball python!
Lugonu accepts your kill. The endoplasm freezes you.
You are frozen.
The endoplasm misses you.
The endoplasm hits you but does no damage.
Found a golden ring.
The endoplasm freezes you.
You are frozen.
The endoplasm hits you but does no damage.
Found 9 gold pieces.
The endoplasm hits you but does no damage.
The endoplasm freezes you.
You are frozen.
You see here a ring of magical power.
The endoplasm hits you but does no damage.
You see here 9 gold pieces.
The endoplasm misses you.
An endoplasm is nearby!
An endoplasm is nearby!
The endoplasm misses you. The endoplasm freezes you.
You are frozen.
The endoplasm hits you but does no damage.
The endoplasm freezes you.
You are frozen.
The endoplasm closely misses you.
The endoplasm jiggles.
The endoplasm completely misses you. The endoplasm barely misses you.
The endoplasm hits you. The endoplasm hits you.
* * * LOW HITPOINT WARNING * * *
The endoplasm hits you but does no damage.
The endoplasm hits you.
* * * LOW HITPOINT WARNING * * *
The endoplasm hits you.
You die...

#.# #.# #.# #.#.# #.#.#
### ######.#.#
#..###....#.#.#
#....##...@.#.# #####
#....##...J#.## ....##
#....##......## .....##
#.....##......## ......#
#..$...##......# ......#
#..=....###....#
......###........###...#
......................##
......###........######


You could see an endoplasm.

Vanquished Creatures
  A ball python (D:1)
1 creature vanquished.

Vanquished Creatures (others)
  4 fungi (D:1)
  4 plants (D:1)
8 creatures vanquished.

Grand Total: 9 creatures vanquished

Notes
Turn   | Place    | Note
-------+----------+-------------------------------------------
     0 | Abyss:1  | cyrus the Demonspawn Abyssal Knight began the quest for the
                  | Orb.
     0 | Abyss:1  | Reached XP level 1. HP: 18/18 MP: 2/2
     0 | D:1      | Escaped the Abyss
   163 | D:1      | Slain by an endoplasm

Illustrated notes

Levels and vault maps discovered:
D:1:      lemuel_arrival_muddy, layout_rooms,
          dreamdust_ecumenical_altar_hidden_monk_grotto, nrook_mini_backslash

Action                   || total
-------------------------++-------
Melee: Falchion          ||    29
Invok: Depart the Abyss  ||     1
Armor: Leather armour    ||     6
Dodge: Dodged            ||     6

Table legend: (Time is in decaauts)
 A = Elapsed time spent in this place.
 B = Non-inter-level travel time spent in this place.
 C = Inter-level travel time spent in this place.
 D = Time resting spent in this place.
 E = Time spent auto-exploring this place.
 F = Levels seen in this place.
 G = Mean time per level.
                   A        B        C        D        E       F      G
               +--------+--------+--------+--------+--------+-----+--------+
         Total |    172 |    172 |      0 |      0 |     41 |   2 |   86.0 |
       Dungeon |    172 |    172 |      0 |      0 |     41 |   1 |  172.0 |
         Abyss |      0 |      0 |      0 |      0 |      0 |   1 |    0.0 |
               +--------+--------+--------+--------+--------+-----+--------+

Top non-repeatable levels by time:
     D:1: 172 daAuts
